 Seeded DCSS version 0.29.1-4-g47bece8355 (webtiles) character file.

Game seed: 17541681194012834777 (custom seed)

566811 retardedninja the Axe Maniac (level 26, -14/212 HPs)
             Began as a Hill Orc Fighter on Dec 7, 2022.
             Was an Initiate of Gozag.
             Killed from afar by a black draconian knight (15 damage)
             ... with a bolt of lightning
             ... led by a black draconian knight
             ... on level 5 of the Realm of Zot.
             The game lasted 02:51:29 (109561 turns).

retardedninja the Axe Maniac (Hill Orc Fighter)   Turns: 109561, Time: 02:51:29

Health: -14/212    AC: 56    Str: 35    XL:     26   Next: 83%
Magic:  0/23       EV:  9    Int: 12    God:    Gozag
Gold:   2877       SH: 28    Dex: 10    Spells: 25/25 levels left

rFire   + + .      SeeInvis +   d - +9 broad axe (vorpal)
rCold   + + .      Faith    .   y - +4 tower shield {AC+3}
rNeg    . . .      Spirit   +   p - +9 scales of the Dragon King {rPois rF+ rC+ Will+}
rPois   +          Reflect  .   l - +1 helmet {SInv}
rElec   .          Harm     .   E - +2 cloak {Will+}
rCorr   +          Rampage  .   T - +2 pair of gloves {Stlth+}
Will    +++..                   s - +3 pair of mountain boots {steadfast, rC+}
Stlth   ..........              N - amulet of guardian spirit
HPRegen 0.00/turn               o - ring "Tysox" {rCorr AC+4 Int+4}
MPRegen 0.18/turn               L - ring of Xom's Ringing Laughter {rF+ AC+4 Str+4}

@: mighty, brilliant, gold aura, inhibited regen, studying 2 skills, unable to
read, unable to drink
A: deformed body, frail 2, inhibited regeneration, subdued magic 1, inability to
drink after injury 1, inability to read after injury 1
}: 3/15 runes: decaying, serpentine, silver
a: Renounce Religion, Potion Petition, Call Merchant, Bribe Branch


You were on level 5 of the Realm of Zot.
You worshipped Gozag.
Gozag was most pleased with you.
You visited 11 branches of the dungeon, and saw 51 of its levels.
You also visited: Bailey and Wizlab.

You collected 30959 gold pieces.
You spent 3727 gold pieces at shops.
You paid 24355 gold pieces to Gozag.

Inventory:

Hand Weapons
 d - a +9 vorpal broad axe (weapon)
Armour
 l - a +1 helmet of see invisible (worn)
 p - the +9 scales of the Dragon King (worn) {rPois rF+ rC+ Will+}
   (You found it on level 13 of the Dungeon)

   rF:        It protects you from fire.
   rC:        It protects you from cold.
   rPois:     It protects you from poison.
   Will:      It increases your willpower.
 s - the +3 pair of mountain boots (worn) {steadfast, rC+}
   (You found it in a bailey)

   It prevents involuntary movement, except for blinking, teleportation, or
   banishment.
   rC:        It protects you from cold.
 y - a +4 tower shield of protection (worn)
 E - a +2 cloak of willpower (worn)
 T - a +2 pair of gloves of stealth (worn)
Jewellery
 n - a +4 ring of evasion
 o - the ring "Tysox" (left hand) {rCorr AC+4 Int+4}
   (You found it in a bailey)

   [ring of protection]

   AC:        It affects your AC (+4).
   Int:       It affects your intelligence (+4).
   rCorr:     It protects you from acid and corrosion.
 L - the ring of Xom's Ringing Laughter (right hand) {rF+ AC+4 Str+4}
   (You bought it in a shop on level 2 of the Orcish Mines)

   [ring of protection]

   AC:        It affects your AC (+4).
   Str:       It affects your strength (+4).
   rF:        It protects you from fire.
 N - an amulet of guardian spirit (around neck)
 S - an amulet of magic regeneration
Wands
 b - a wand of polymorph (16)
 c - a wand of mindburst (22)
 j - a wand of paralysis (47)
 w - a wand of roots (20)
 A - a wand of light (6) (quivered)
 H - a wand of flame (57)
 M - a wand of digging (3)
Scrolls
 a - 7 scrolls of amnesia
 f - 8 scrolls of teleportation
 g - 10 scrolls of butterflies
 m - 10 scrolls of poison
 t - 4 scrolls of brand weapon
 u - 11 scrolls of fear
 x - 2 scrolls of enchant weapon
 Z - a scroll of magic mapping
Potions
 h - 2 potions of invisibility
 i - 5 potions of haste
 k - 9 potions of brilliance
 r - 7 potions of mutation
 v - 3 potions of flight
 z - 3 potions of cancellation
 B - 21 potions of curing
 C - 7 potions of magic
 D - 2 potions of ambrosia
 F - 4 potions of heal wounds
 G - 13 potions of resistance
 J - 6 potions of attraction
Miscellaneous
 e - a condenser vane
 q - a phantom mirror
 I - a box of beasts
 O - a phial of floods
 P - a lightning rod (4/4)


   Skills:
 O Level 27 Fighting
 O Level 27 Axes
 - Level 25.5 Armour
 - Level 2.2 Dodging
 - Level 2.5 Stealth
 O Level 27 Shields
 * Level 9.7 Evocations


You had 25 spell levels left.
You didn't know any spells.
Your spell library contained the following spells:

 Spells                   Type           Power      Damage    Failure   Level
 Apportation              Tloc           0%         N/A       80%         1
 Beastly Appendage        Tmut           0%         N/A       80%         1
 Foxfire                  Conj/Fire      0%         2x1d4     80%         1
 Freeze                   Ice            0%         1d3       80%         1
 Magic Dart               Conj           0%         1d3       80%         1
 Necrotise                Necr           0%         1d4       80%         1
 Slow                     Hex            0%         N/A       80%         1
 Summon Small Mammal      Summ           0%         N/A       80%         1
 Call Imp                 Summ           0%         N/A       91%         2
 Ensorcelled Hibernation  Hex/Ice        0%         N/A       91%         2
 Passwall                 Tmut/Erth      0%         N/A       91%         2
 Poisonous Vapours        Pois/Air       0%         N/A       91%         2
 Searing Ray              Conj           0%         2d4       91%         2
 Static Discharge         Conj/Air       0%         3-3/arc   91%         2
 Sublimation of Blood     Necr           0%         N/A       91%         2
 Wereblood                Tmut           0%         N/A       91%         2
 Call Canine Familiar     Summ           0%         N/A       99%         3
 Confusing Touch          Hex            0%         N/A       99%         3
 Conjure Flame            Conj/Fire      0%         6-21      99%         3
 Dazzling Flash           Conj/Hex       0%         N/A       99%         3
 Frozen Ramparts          Ice            0%         1d1       99%         3
 Gell's Gravitas          Tloc           0%         N/A       99%         3
 Ignite Poison            Fire/Tmut/Pois 0%         N/A       99%         3
 Inner Flame              Hex/Fire       0%         N/A       99%         3
 Mephitic Cloud           Conj/Pois/Air  0%         N/A       99%         3
 Spider Form              Tmut/Pois      0%         N/A       99%         3
 Stone Arrow              Conj/Erth      0%         3d7       99%         3
 Summon Guardian Golem    Hex/Summ       0%         N/A       99%         3
 Swiftness                Air            0%         N/A       99%         3
 Teleport Other           Tloc           0%         N/A       99%         3
 Vampiric Draining        Necr           0%         2d6       99%         3
 Airstrike                Air            0%         2d(0-16)  100%        4
 Anguish                  Hex/Necr       0%         N/A       100%        4
 Animate Armour           Summ/Erth      0%         N/A       100%        4
 Dispel Undead            Necr           0%         3d6       100%        4
 Flame Wave               Conj/Fire      0%         2d4       100%        4
 Fulminant Prism          Conj/Hex       0%         3d6       100%        4
 Hailstorm                Conj/Ice       0%         3d3       100%        4
 Ice Form                 Ice/Tmut       0%         N/A       100%        4
 Iskenderun's Mystic Bla  Conj/Tloc      0%         2d3       100%        4
 Olgreb's Toxic Radiance  Pois           0%         N/A       100%        4
 Petrify                  Tmut/Erth      0%         N/A       100%        4
 Sticky Flame             Conj/Fire      0%         2d3       100%        4
 Summon Ice Beast         Ice/Summ       0%         N/A       100%        4
 Summon Lightning Spire   Summ/Air       0%         N/A       100%        4
 Blade Hands              Tmut           0%         N/A       100%        5
 Fireball                 Conj/Fire      0%         3d3       100%        5
 Freezing Cloud           Conj/Ice/Air   0%         6-21      100%        5
 Irradiate                Conj/Tmut      0%         3d11      100%        5
 Iskenderun's Battlesphe  Conj           0%         2d6       100%        5
 Lee's Rapid Deconstruct  Erth           0%         3d5*      100%        5
 Lightning Bolt           Conj/Air       0%         1d11      100%        5
 Metabolic Englaciation   Hex/Ice        0%         N/A       100%        5
 Summon Forest            Summ/Tloc      0%         N/A       100%        5
 Summon Mana Viper        Hex/Summ       0%         N/A       100%        5
 Conjure Ball Lightning   Conj/Air       0%         3x3d6     100%        6
 Death Channel            Necr           0%         N/A       100%        6
 Dispersal                Tloc           0%         N/A       100%        6
 Iron Shot                Conj/Erth      0%         9d1       100%        6
 Starburst                Conj/Fire      0%         6d3       100%        6
 Statue Form              Tmut/Erth      0%         N/A       100%        6
 Summon Cactus Giant      Summ           0%         N/A       100%        6
 Haunt                    Necr/Summ      0%         N/A       100%        7
 Malign Gateway           Summ/Tloc      0%         N/A       100%        7
 Orb of Destruction       Conj           0%         9d5       100%        7
 Ozocubu's Refrigeration  Ice            0%         4d7       100%        7
 Spellforged Servitor     Conj/Summ      0%         N/A       100%        7
 Summon Hydra             Summ           0%         N/A       100%        7
 Borgnjor's Revivificati  Necr           0%         N/A       100%        8
 Discord                  Hex            0%         N/A       100%        8
 Disjunction              Tloc           0%         N/A       100%        8
 Ignition                 Fire           0%         3d3       100%        8
 Maxwell's Capacitive Co  Air            0%         ∞         100%        8
 Necromutation            Tmut/Necr      0%         N/A       100%        8
 Summon Horrible Things   Summ           0%         N/A       100%        8
 Chain Lightning          Conj/Air       0%         N/A       100%        9
 Death's Door             Necr           0%         N/A       100%        9
 Fire Storm               Conj/Fire      0%         5d1       100%        9
 Shatter                  Erth           0%         3d5*      100%        9
 Animate Dead             Necr           Unusable   N/A       N/A         4
 Corpse Rot               Necr/Pois/Air  Unusable   N/A       N/A         4

Dungeon Overview and Level Annotations

Branches:
Dungeon (15/15)            Temple (1/1) D:6            Lair (5/5) D:11
  Swamp (4/4) Lair:3        Snake (4/4) Lair:2        Slime (0/5) Lair:5
    Orc (2/2) D:11            Elf (3/3) Orc:2        Vaults (5/5) D:14
  Crypt (3/3) Vaults:3       Tomb (0/3) Crypt:3      Depths (4/4) D:15
    Zot (5/5) Depths:4     Bailey (visited)          WizLab (visited)

Altars:
Ashenzari
Cheibriados
Dithmenos
Elyvilon
Fedhas
Gozag
Hepliaklqana
Kikubaaqudgha
Makhleb
Nemelex Xobeh
Okawaru
Qazlal
Ru
Sif Muna
Trog
Uskayaw
Vehumet
Wu Jian
Xom
Yredelemnul
Zin
The Shining One
Jiyva

Shops:
D:1 :   D:6 *   D:9 :   D:11 [(   D:13 *   D:15 [   Orc:2 *!!![[!   Elf:3 ([*=?
Snake:1 !?[=   Vaults:5 (   Depths:1 *

Portals:
Hell: Depths:1 Depths:2 Depths:3 Depths:4
Abyss: Depths:2 Depths:3
Pandemonium: Depths:1 Depths:2 Depths:3 Depths:4
Ziggurat: Depths:3
Trove: Elf:3 (give 13 potions of heal wounds)

Annotations:
D:14 exclusion: 2 ice statues
D:15 1 runed translucent door, lotum's ghost, journeyman DsGl
Lair:4 3 runed translucent doors, iamoutofideas's ghost, journeyman HOBe
Snake:2 2 transporters, kamileon1's ghost, adept FoTm
Depths:3 1 transporter
Zot:3 1 transporter
Zot:4 2 transporters


Innate Abilities, Weirdness & Mutations

Armour fits poorly on your strangely shaped body.
You are very frail. (-20% HP)
You do not regenerate when monsters are visible.
Your spells are a little easier to cast, but a little less powerful.
You occasionally lose the ability to drink potions when taking damage.
You occasionally lose the ability to read scrolls when taking damage.


Message History

The black draconian knight hits you but does no damage.
You slash the yellow draconian!
The yellow draconian is heavily wounded.
You slash the black draconian knight!
You block the yellow draconian's attack.
The black draconian knight hits you but does no damage.
You barely miss the yellow draconian.
The yellow draconian is heavily wounded.
You slash the black draconian knight!
You block the black draconian knight's attack.
The yellow draconian closely misses you.
You barely miss the yellow draconian.
The yellow draconian is heavily wounded.
The black draconian knight blocks your attack.
You block the black draconian knight's attack.
You slice the yellow draconian!!
The yellow draconian is almost dead.
You slash the black draconian knight! The yellow draconian spits acid at you.
The glob of acid hits you. You resist.
* * * LOW HITPOINT WARNING * * *
The black draconian knight hits you with a +2 long sword of electrocution.
* * * LOW HITPOINT WARNING * * *
You slash the yellow draconian!
You kill the yellow draconian!
The black draconian knight blocks your attack.
You block the black draconian knight's attack.
The green draconian breathes poison at you.
The blast of poison engulfs you but does no damage.
You resist.
You slice the black draconian knight like a ripe choko!!!
The black draconian knight is almost dead.
The black draconian knight is engulfed in poison gas.
The black draconian knight is poisoned.
The black draconian knight breathes lightning at you.
The bolt of lightning hits you!!!
* * * LOW HITPOINT WARNING * * *
The bolt of lightning hits you!
You die...
Your body crumbles into a pile of gold.

#### #... #... ### #...
#☼# #... #q#### #...
#@☼dd# #..⌠ ####q######
###. #.#....# ####'
**#.#....# #..[.
*,#d#....####....
#######d#$#....#..'....
#........d#....#.##....
#.........#.#..........
#........##.###.....###


You could see a black draconian knight (fast, invisible, poisoned, catching
breath), 2 draconians and a purple draconian shifter.

Vanquished Creatures
  8 dread liches
  Tiamat (Zot:2)
  An orb of fire (Zot:3)
  An ancient lich (Vaults:5)
  A juggernaut (Depths:2)
  Sojobo (Depths:3)
  Bai Suzhen (Depths:1)
  Frederick (Depths:4)
  Vashnia (Snake:3)
  2 curse toes (Zot:3)
  Nikola (Swamp:2)
  3 golden dragons (Zot:1)
  2 electric golems
  The ghost of contendunt the Acrobat, an adept MiFi of Okawaru (Swamp:4)
  17 tentacled monstrosities
  Rupert (Lair:4)
  Jorgrun (Swamp:2)
  5 liches
  3 titans (Vaults:5)
  7 quicksilver dragons
  8 death cobs
  5 sphinxes
  5 shadow dragons
  7 ancient champions
  Gastronok (Lair:2)
  Kirke (Swamp:2)
  7 tengu reavers
  13 storm dragons
  2 revenants (Crypt:1)
  4 thorn hunters
  4 draconian knights
  8 draconian monks
  Aizul (Snake:3)
  12 vault wardens
  An orc warlord (Vaults:2)
  8 fire giants
  6 nagarajas
  2 iron dragons
  6 frost giants
  7 draconian scorchers
  4 ghost moths
  8 draconian shifters
  Louise (Snake:4)
  4 deep elf sorcerers
  9 draconian stormcallers
  4 ghouls
  2 curse skulls
  A deep elf elementalist (Elf:3)
  8 draconian annihilators
  4 ironbound thunderhulks
  2 spriggan defenders (Depths:2)
  27 very ugly things
  14 stone giants
  6 war gargoyles
  9 ironbound preservers
  2 deep elf demonologists
  17 black draconians
  3 vampire knights
  11 green draconians
  8 spark wasps
  2 entropy weavers
  The ghost of tbole the Spear-Bearer, a journeyman DsBe of Trog (D:12)
  8 eleionomae
  11 purple draconians
  10 white draconians
  8 red draconians
  3 deep elf annihilators
  14 yellow draconians
  11 dire elephants
  Azrael (Snake:3)
  5 eidola
  7 bunyips
  A statue (WizLab)
  8 deep elf death magi
  10 ettins
  2 crystal guardians (Vaults:4)
  2 blizzard demons
  7 fire dragons
  A mummy priest (Crypt:3)
  Josephine (D:15)
  11 yaktaur captains
  A quicksilver dragon zombie (Crypt:2)
  4 deep elf high priests
  A rakshasa (Depths:2)
  3 ogre magi
  The ghost of nshep25 the Cleaver, a journeyman MiFi of Gozag (D:11)
  11 jiangshi
  37 vault guards
  11 great orbs of eyes
  A quicksilver dragon skeleton (Crypt:2)
  3 peacekeepers
  2 salamander tyrants
  37 hydras
  8 ice dragons
  8 ironbound frosthearts
  6 boulder beetles
  8 anacondas
  4 spriggan air magi
  10 two-headed ogres
  12 centaur warriors
  18 naga warriors
  4 death knights
  3 catoblepae
  32 dancing weapons
  7 tengu warriors
  11 alligators
  6 vampire magi
  4 death yaks
  3 deep troll shamans
  11 shock serpents
  5 deep troll earth magi
  10 spriggan berserkers
  A titan zombie (Crypt:1)
  13 naga sharpshooters
  2 soul eaters
  4 orc high priests
  16 deep elf knights
  4 hell knights (Depths:4)
  A fire crab (Lair:5)
  A sixfirhy (Depths:2)
  17 skeletal warriors
  2 iron trolls (Depths:3)
  9 salamander mystics
  6 sea snakes (Snake:2)
  A death drake (shapeshifter) (Vaults:2)
  4 goliath frogs
  A goliath frog (shapeshifter) (Vaults:4)
  6 spriggan druids
  32 deep trolls
  A bunyip zombie (Crypt:1)
  3 glowing orange brains
  A death drake (Swamp:3)
  3 shadow demons
  4 flayed ghosts
  A shadow wraith (Crypt:2)
  5 swamp dragons
  A shadow dragon zombie (Crypt:3)
  13 ironbound convokers
  4 lindwurms
  9 wizards
  9 deep elf archers
  2 orc knights (Orc:1)
  7 naga ritualists
  Pikel (D:9)
  12 phantasmal warriors
  7 bog bodies
  3 necromancers
  A jorogumo zombie (Crypt:3)
  2 wolf spiders
  31 deep elf pyromancers
  10 mana vipers
  9 cyclopes
  23 deep elf zephyrmancers
  2 will-o-the-wisps
  30 slime creatures
  17 salamanders
  8 orc sorcerers
  3 elephants (Lair:5)
  4 manticores
  30 ugly things
  18 moths of wrath
  Joseph (D:7)
  A stone giant skeleton (Crypt:1)
  10 vault sentinels
  An elephant (shapeshifter) (Vaults:4)
  12 guardian serpents
  A molten gargoyle (Lair:5)
  2 rust devils
  21 naga magi
  2 smoke demons
  48 black mambas
  An elephant slug zombie (Crypt:1)
  2 orange demons
  3 gargoyles
  A torpor snail (Lair:1)
  8 cane toads
  An orb spider zombie (Crypt:2)
  3 efreet (D:14)
  2 unseen horrors
  18 yaktaurs
  A yaktaur (shapeshifter) (Vaults:4)
  An ice devil (Depths:4)
  A red devil (Depths:3)
  5 freezing wraiths
  A rime drake (Lair:4)
  4 kobold demonologists
  A minotaur skeleton (Crypt:3)
  12 komodo dragons
  A purple draconian skeleton (Crypt:2)
  9 tengu conjurers
  A polar bear (Lair:1)
  3 hellwings
  A tarantella (shapeshifter) (D:13)
  A wolf spider simulacrum (D:14)
  Prince Ribbit (D:5)
  8 tyrant leeches
  8 trolls
  20 hornets
  2 blink frogs (Lair:5)
  5 dream sheep (Lair:3)
  3 air elementals (Elf:2)
  7 flying skulls
  Sigmund (D:2)
  20 spriggans
  3 vampires
  A centaur simulacrum (D:13)
  10 wraiths
  3 wyverns
  A slime creature zombie (Crypt:2)
  8 water elementals
  A shadow (D:12)
  A black mamba zombie (Crypt:1)
  5 hogs (Swamp:2)
  36 yaks
  2 ynoxinuls (Depths:4)
  A hog (shapeshifter) (D:13)
  Grum (D:9)
  8 fire elementals
  7 basilisks
  20 vampire mosquitoes
  A redback (shapeshifter) (D:15)
  2 chaos spawn (Depths:4)
  A redback (Vaults:4)
  6 wargs
  Menkaure (D:5)
  A merfolk zombie (Crypt:2)
  A swamp worm (shapeshifter) (Vaults:4)
  13 water moccasins
  A deep troll zombie (Crypt:2)
  15 swamp worms
  3 acid dragons
  42 nagas
  6 hydra simulacra (Depths:2)
  7 hell hounds
  A water nymph skeleton (Crypt:3)
  A floating eye (shapeshifter) (Vaults:5)
  A floating eye (Zot:4)
  12 swamp drakes
  A two-headed ogre skeleton (Crypt:1)
  3 black bears
  4 ice beasts
  28 orc warriors
  A sky beast (D:6)
  14 wolves
  7 centaurs
  6 ogres
  An ogre (shapeshifter) (D:14)
  A hog zombie (Crypt:1)
  6 boggarts
  A phantom (D:4)
  A lemure (D:9)
  4 kobold brigands
  14 bullfrogs
  A komodo dragon zombie (Crypt:1)
  A wyvern zombie (Crypt:3)
  2 necrophages
  2 earth elementals
  12 wights
  A water moccasin zombie (Crypt:2)
  A cyclops skeleton (Crypt:1)
  5 killer bees (D:9)
  7 electric eels
  6 vampire bats (Bailey)
  3 howler monkeys (D:8)
  6 wolf zombies (Bailey)
  4 lava snakes (Lair:5)
  A wolf skeleton (Crypt:3)
  5 jellies
  Crazy Yiuf (D:6)
  24 orc priests
  4 hounds
  A gnoll bouda (D:6)
  7 iguanas
  Ijyb (D:5)
  47 orc wizards
  5 hell rats
  A tengu skeleton (Crypt:2)
  A hound zombie (Crypt:3)
  Robin (D:2)
  14 gnolls
  An adder (shapeshifter) (Vaults:5)
  15 adders
  3 river rats (D:11)
  A shadow imp (D:6)
  5 white imps
  An iguana zombie (Crypt:3)
  A worm (D:3)
  2 dart slugs
  59 orcs
  2 bat zombies
  11 endoplasms
  A giant cockroach (D:3)
  9 goblins
  12 hobgoblins
  3 jackals (D:1)
  9 quokkas
  13 ball pythons
  7 bats
  4 frilled lizards
  A frilled lizard skeleton (Crypt:2)
  34 kobolds
  18 orc zombies
  7 rats
  3 briar patches (Swamp:1)
2067 creatures vanquished.

Vanquished Creatures (collateral kills)
  A golden dragon (Zot:1)
  A tentacled monstrosity (Zot:1)
  A deep elf master archer (Elf:3)
  A storm dragon (Vaults:5)
  A draconian monk (Zot:1)
  A vault warden (Vaults:5)
  2 deep elf sorcerers (Elf:3)
  A draconian shifter (Zot:1)
  3 deep elf elementalists (Elf:3)
  2 war gargoyles (Vaults:5)
  A draconian annihilator (Zot:2)
  2 deep elf demonologists (Elf:3)
  A yellow draconian (Zot:1)
  A red draconian (Zot:1)
  2 purple draconians
  A deep elf death mage (Elf:3)
  An ettin (Vaults:5)
  A yaktaur captain (Vaults:5)
  A deep troll (Vaults:4)
  2 phantasmal warriors
  An ironbound convoker (Vaults:5)
  A vault sentinel (Vaults:5)
  A yaktaur (Vaults:5)
  A tengu conjurer (WizLab)
31 creatures vanquished.

Vanquished Creatures (others)
  3 titans (Vaults:5)
  A deep elf master archer (Elf:3)
  A tengu reaver (Vaults:5)
  A frost giant (Vaults:5)
  5 deep elf elementalists (Elf:3)
  A stone giant (Vaults:5)
  5 deep elf demonologists
  3 deep elf annihilators (Elf:3)
  5 deep elf death magi
  2 deep elf high priests (Vaults:5)
  2 yaktaur captains (Vaults:5)
  A deep elf knight (Elf:1)
  A deep troll (Vaults:5)
  A wizard (Vaults:3)
  4 deep elf zephyrmancers
  A deep elf pyromancer (D:14)
  An orc knight (Vaults:5)
  A tengu conjurer (WizLab)
  3 bloated husks
  A tyrant leech (Swamp:1)
  2 blink frogs (Lair:5)
  A water elemental (Depths:2)
  A naga (Snake:4)
  A swamp worm (Swamp:4)
  A water moccasin (Lair:5)
  An ogre (Vaults:5)
  A lava snake (Lair:5)
  An orc wizard (Orc:2)
  A briar patch (Swamp:4)
  12 bushes (Elf:3)
  14 foxfires
  15 fungi
  44 plants
138 creatures vanquished.

Grand Total: 2236 creatures vanquished

Notes
Turn   | Place    | Note
-------+----------+-------------------------------------------
     0 | D:1      | retardedninja the Hill Orc Fighter began the quest for the
                  | Orb.
     0 | D:1      | Reached XP level 1. HP: 19/19 MP: 1/1
   211 | D:1      | Reached XP level 2. HP: 27/27 MP: 2/2
   238 | D:1      | Found Awemeaq's Book Shoppe.
   365 | D:1      | You fall into a shaft and drop 1 floor!
  1088 | D:1      | Reached XP level 3. HP: 24/33 MP: 3/3
  1811 | D:2      | Noticed Sigmund
  1830 | D:2      | Killed Sigmund
  1831 | D:2      | Reached skill level 5 in Axes
  1831 | D:2      | Reached XP level 4. HP: 4/41 MP: 4/4
  1831 | D:2      | Reached XP level 5. HP: 4/47 MP: 5/5
  2313 | D:2      | Identified a scroll of acquirement
  2314 | D:2      | Acquired a +4 vorpal broad axe
  2354 | D:2      | Identified the +8 short sword of Aluogyi {vorpal, *Noise
                  | Will++ Str+5}
  2532 | D:2      | Found an ancient bone altar of Kikubaaqudgha.
  2812 | D:2      | Noticed Robin
  2821 | D:2      | Killed Robin
  2822 | D:2      | Reached XP level 6. HP: 49/53 MP: 6/6
  3992 | D:4      | Identified the +8 trident "Ziduus" {pain, rC+ Str-3 Int+4}
  4154 | D:4      | Reached skill level 5 in Fighting
  4165 | D:4      | Reached XP level 7. HP: 61/61 MP: 7/7
  4337 | D:4      | Reached skill level 5 in Armour
  4928 | D:5      | Entered Level 5 of the Dungeon
  5070 | D:5      | Noticed Ijyb
  5075 | D:5      | Killed Ijyb
  5112 | D:5      | Noticed Menkaure
  5118 | D:5      | Killed Menkaure
  5235 | D:5      | Reached XP level 8. HP: 31/70 MP: 8/8
  5804 | D:5      | Noticed Prince Ribbit
  5814 | D:5      | Killed Prince Ribbit
  5815 | D:5      | Reached skill level 10 in Axes
  6816 | D:6      | Reached XP level 9. HP: 69/78 MP: 9/9
  7102 | D:6      | Found Petanix's Lightly-Used Armoury.
  7263 | D:6      | Found an iron altar of Okawaru.
  7545 | D:6      | Found a staircase to the Ecumenical Temple.
  7553 | Temple   | Entered the Ecumenical Temple
  7573 | Temple   | Became a worshipper of Gozag Ym Sagoz the Greedy
  7712 | D:6      | Found a runed translucent door.
  7713 | D:6      | Noticed Crazy Yiuf
  7826 | D:6      | Killed Crazy Yiuf
  8293 | D:7      | Reached skill level 5 in Shields
  8332 | D:7      | Noticed Joseph
  8495 | D:7      | Found a flagged portal.
  8504 | Bailey   | Entered a bailey
  8592 | Bailey   | Noticed a gargoyle
  8601 | Bailey   | Killed a gargoyle
  8946 | Bailey   | Identified the ring "Tysox" {rCorr AC+4 Int+4}
  8998 | Bailey   | Found the +3 pair of mountain boots {steadfast, rC+}
  9154 | Bailey   | Reached XP level 10. HP: 86/86 MP: 10/10
  9355 | D:7      | Killed Joseph
  9794 | D:7      | Found a stormy altar of Qazlal.
 10124 | D:8      | Found a shadowy altar of Dithmenos.
 10346 | D:8      | Found a bloodstained altar of Trog.
 10669 | D:9      | Noticed a two-headed ogre
 10677 | D:9      | Killed a two-headed ogre
 10678 | D:9      | Reached skill level 15 in Axes
 10680 | D:9      | Found a broken altar of Ashenzari.
 10771 | D:9      | Reached XP level 11. HP: 85/97 MP: 11/11
 10924 | D:9      | Noticed Grum
 10940 | D:9      | Killed Grum
 11205 | D:9      | Noticed Pikel
 11213 | D:9      | Killed Pikel
 11294 | D:9      | Found an ancient bone altar of Kikubaaqudgha.
 11375 | D:9      | Found a faded altar of an unknown god.
 11375 | D:9      | Found a hazy altar of Hepliaklqana.
 11377 | D:9      | Found a faded altar of an unknown god.
 11505 | D:9      | Found Nosmassu's Book Emporium.
 11550 | D:10     | Entered Level 10 of the Dungeon
 11579 | D:10     | Reached skill level 10 in Fighting
 12602 | D:10     | Found a sparkling altar of Nemelex Xobeh.
 12711 | D:11     | Noticed a death yak
 12717 | D:11     | Noticed a death yak
 12721 | D:11     | Noticed a death yak
 12725 | D:11     | Killed a death yak
 12729 | D:11     | Killed a death yak
 12732 | D:11     | Killed a death yak
 12921 | D:11     | Found a staircase to the Lair.
 12999 | D:11     | Found a runed translucent gate.
 13000 | D:11     | Found a runed translucent gate.
 13000 | D:11     | Found a runed translucent gate.
 13000 | D:11     | Noticed nshep25's ghost (journeyman MiFi)
 13001 | D:11     | Noticed a great orb of eyes
 13103 | D:11     | Found Kijistidd's Armour Shop.
 13105 | D:11     | Found a staircase to the Orcish Mines.
 13109 | D:11     | Found Raczuk's Weapon Shop.
 13238 | D:11     | Noticed a two-headed ogre
 13247 | D:11     | Killed a two-headed ogre
 13993 | D:11     | Found a viscous altar of Jiyva.
 14006 | Lair:1   | Entered Level 1 of the Lair of Beasts
 14066 | Lair:1   | Reached skill level 1 in Stealth
 14066 | Lair:1   | Reached XP level 12. HP: 93/108 MP: 12/12
 14209 | Lair:1   | Noticed a death yak
 14219 | Lair:1   | Killed a death yak
 15282 | Lair:2   | Found a staircase to the Snake Pit.
 15459 | Lair:2   | Noticed Gastronok
 15480 | Lair:2   | Killed Gastronok
 15481 | Lair:2   | Reached skill level 1 in Dodging
 15965 | Lair:3   | Noticed a catoblepas
 15987 | Lair:3   | Killed a catoblepas
 15988 | Lair:3   | Reached skill level 10 in Armour
 16088 | Lair:3   | Noticed an eight-headed hydra
 16113 | Lair:3   | Killed a 14-headed hydra
 16499 | Lair:3   | Reached XP level 13. HP: 112/119 MP: 13/13
 16584 | Lair:3   | Found a staircase to the Swamp.
 17278 | Lair:4   | Noticed Rupert
 17294 | Lair:4   | Killed Rupert
 17621 | Lair:4   | Found a runed translucent gate.
 17621 | Lair:4   | Found a runed translucent gate.
 17621 | Lair:4   | Found a runed translucent gate.
 17626 | Lair:4   | Noticed iamoutofideas's ghost (journeyman HOBe)
 18674 | Lair:5   | Entered Level 5 of the Lair of Beasts
 18738 | Lair:5   | Found a viscous altar of Jiyva.
 18739 | Lair:5   | Found a staircase to the Slime Pits.
 20588 | Lair:5   | Reached XP level 14. HP: 131/133 MP: 14/14
 20703 | Lair:5   | Reached skill level 10 in Shields
 21690 | Lair:5   | Found a large runed translucent door.
 21691 | Lair:5   | Found a large runed translucent door.
 22392 | Orc:1    | Entered Level 1 of the Orcish Mines
 22963 | Orc:2    | Entered Level 2 of the Orcish Mines
 23975 | Orc:2    | Reached skill level 15 in Fighting
 24253 | Orc:2    | Identified the +9 spear of the Piercing Pariah {drain,
                  | Str+3}
 24848 | Orc:2    | Found a staircase to the Elven Halls.
 25156 | Orc:2    | Found Jash's Specific Store.
 25157 | Orc:2    | Found Baantis's General Store.
 25171 | Orc:2    | Bought the ring of Xom's Ringing Laughter {rF+ AC+4 Str+4}
                  | for 876 gold pieces
 25181 | Orc:2    | Bought a scroll of magic mapping for 105 gold pieces
 25455 | Orc:2    | Found Jeuthurch's Distillery.
 25455 | Orc:2    | Found Warocw's Armour Emporium.
 25456 | Orc:2    | Found Xeuji's Distillery.
 25460 | Orc:2    | Found Obbo's Armour Shoppe.
 25467 | Orc:2    | Bought a potion of berserk rage for 60 gold pieces
 26018 | Swamp:1  | Entered Level 1 of the Swamp
 28561 | D:12     | Found a runed translucent door.
 28561 | D:12     | Noticed tbole's ghost (journeyman DsBe)
 28806 | D:12     | Killed tbole's ghost
 28980 | D:13     | Found Geir's Neck Hole.
 29079 | D:13     | Reached XP level 15. HP: 134/144 MP: 15/15
 30527 | D:13     | Noticed a tengu reaver
 30545 | D:13     | Killed a tengu reaver
 31051 | D:13     | Identified the +10 halberd of Tomorrow {vorpal, *Corrode
                  | rC+++ Int+4 Stlth+}
 31070 | D:13     | Found the +9 scales of the Dragon King {rPois rF+ rC+
                  | Will+}
 31424 | D:14     | Found a gate to the Vaults.
 31446 | D:14     | Reached skill level 1 in Evocations
 33020 | D:15     | Entered Level 15 of the Dungeon
 33032 | D:15     | Found a gate leading to a gauntlet.
 33047 | D:15     | Noticed Josephine
 33080 | D:15     | Reached XP level 16. HP: 137/155 MP: 16/16
 33083 | D:15     | Killed Josephine
 33388 | D:15     | Identified the +10 chain mail "Kaigog" {*Slow +Inv rPois}
 33778 | D:15     | Found Yvomof's Armour Shop.
 33833 | D:15     | Found a runed translucent door.
 33846 | D:15     | Identified the +10 spear of Optimality {vorpal, MP+9 Dex+5
                  | SInv}
 33847 | D:15     | Noticed lotum's ghost (journeyman DsGl)
 33878 | D:15     | Found a staircase to the Depths.
 34260 | D:15     | Found a runed translucent door.
 35368 | D:11     | Killed nshep25's ghost
 36430 | Swamp:1  | Noticed a thorn hunter
 36443 | Swamp:1  | Killed a thorn hunter
 37083 | Swamp:2  | Reached skill level 15 in Armour
 37089 | Swamp:2  | Noticed Nikola
 37738 | Swamp:2  | Killed Nikola
 38677 | Swamp:2  | Noticed Jorgrun
 38690 | Swamp:2  | Killed Jorgrun
 38931 | Swamp:2  | Noticed Kirke
 39397 | Swamp:2  | Reached XP level 17. HP: 137/166 MP: 17/17
 39413 | Swamp:2  | Killed Kirke
 42476 | Swamp:4  | Entered Level 4 of the Swamp
 42481 | Swamp:4  | Noticed contendunt's ghost (adept MiFi)
 42494 | Swamp:4  | Found a runed translucent door.
 42871 | Swamp:4  | Acquired 769 gold pieces
 46208 | Swamp:4  | Got a decaying rune of Zot
 46524 | Swamp:4  | Killed contendunt's ghost
 47270 | Snake:1  | Entered Level 1 of the Snake Pit
 47377 | Snake:1  | Identified the +2 plate armour of Wonder {Int+3}
 47878 | Snake:1  | Reached XP level 18. HP: 167/178 MP: 18/18
 48385 | Snake:1  | Found Vaklulot's Distillery.
 48385 | Snake:1  | Found Fuevin's Magic Scroll Emporium.
 48392 | Snake:1  | Found Suemal's Jewellery Shop.
 48394 | Snake:1  | Bought a potion of curing for 48 gold pieces
 48394 | Snake:1  | Bought a potion of curing for 48 gold pieces
 48399 | Snake:1  | Bought a scroll of enchant armour for 142 gold pieces
 48399 | Snake:1  | Bought a scroll of enchant armour for 142 gold pieces
 48406 | Snake:1  | Found Irghioxa's Armour Emporium.
 48835 | Snake:2  | Reached skill level 15 in Shields
 50431 | Snake:2  | Found a transporter.
 50451 | Snake:2  | Found a transporter.
 50455 | Snake:2  | Noticed kamileon1's ghost (adept FoTm)
 50636 | Snake:3  | Noticed Aizul
 50648 | Snake:3  | Killed Aizul
 51100 | Snake:3  | Found the +2 hat of the Bear Spirit {Spirit, *Rage Will++}
 51100 | Snake:3  | Noticed Vashnia
 51151 | Snake:3  | Killed Vashnia
 52022 | Snake:3  | Noticed Azrael
 52032 | Snake:3  | Killed Azrael
 54280 | Snake:4  | Entered Level 4 of the Snake Pit
 54290 | Snake:4  | Reached XP level 19. HP: 189/189 MP: 19/19
 54695 | Snake:4  | Noticed Louise
 55134 | Snake:4  | Killed Louise
 56810 | Snake:4  | Got a serpentine rune of Zot
 58368 | Elf:1    | Entered Level 1 of the Elven Halls
 60823 | Elf:2    | Found a runed translucent gate.
 61043 | Elf:2    | Reached XP level 20. HP: 200/200 MP: 20/20
 61154 | Elf:2    | Paralysed by an air elemental for 1 turns
 61158 | Elf:2    | Paralysed by an air elemental for 1 turns
 61803 | Elf:2    | Found a runed translucent gate.
 61803 | Elf:2    | Found a runed translucent gate.
 62030 | Vaults:1 | Entered Level 1 of the Vaults
 62231 | Vaults:1 | Found a magical portal.
 62240 | WizLab   | Entered Iskenderun's Mystic Tower
 63640 | Vaults:1 | Identified the +5 quick blade "Necoymusm" {elec, Int+7}
 65108 | Vaults:2 | Acquired 1074 gold pieces
 66607 | Vaults:3 | Reached XP level 21. HP: 210/211 MP: 19/21
 66793 | Vaults:3 | Found a staircase to the Crypt.
 67528 | Vaults:4 | Identified the +0 leather armour of the Eight Boll Weevils
                  | {Rampage rPois rF+ MP-9}
 69723 | Elf:2    | Reached skill level 27 in Axes
 70667 | Elf:3    | Entered Level 3 of the Elven Halls
 70831 | Elf:3    | Reached XP level 22. HP: 223/223 MP: 22/22
 70884 | Elf:3    | Found a portal to a secret trove of treasure.
 71559 | Elf:3    | Identified the ring of Free Will {Fly rF+}
 71574 | Elf:3    | Got Sif Muna's Catalogue of Grit and Blasts
 71575 | Elf:3    | Identified the +3 long sword of Pyryfois {elec, *Corrode
                  | rElec Str+3}
 71588 | Elf:3    | Identified the +1 robe of Lust {-Cast rF+ Dex+3}
 71627 | Elf:3    | Got the Book of Transformed Combustion
 72575 | Elf:3    | Bought a scroll of summoning for 180 gold pieces
 72580 | Elf:3    | Bought 9 stones for 10 gold pieces
 72584 | Elf:3    | Bought a glowing cloak for 165 gold pieces
 73011 | Vaults:5 | Entered Level 5 of the Vaults
 73968 | Vaults:5 | Paralysed by a floating eye for 2 turns
 74356 | Vaults:5 | Noticed an ancient lich
 75103 | Vaults:5 | Got a silver rune of Zot
 75158 | Vaults:5 | Identified the +0 scale mail of Wiadany {rF+}
 75188 | Vaults:5 | Identified the +0 pair of gloves "Fuadd" {Dex+4}
 75798 | Vaults:5 | Found Lamp's Weapon Shop.
 75940 | Vaults:5 | Reached XP level 23. HP: 231/237 MP: 23/23
 76316 | Vaults:5 | Killed an ancient lich
 76549 | Vaults:5 | Identified the +7 arbalest of Ruleyn {vorpal, rF+ Dex-3
                  | SInv}
 76648 | Vaults:5 | Got Sif Muna's Folio of the Wind
 77414 | Crypt:1  | Entered Level 1 of the Crypt
 77673 | Crypt:1  | Acquired 1116 gold pieces
 79158 | Crypt:2  | Reached skill level 27 in Fighting
 79452 | Crypt:2  | Identified the +6 hand axe of Elil {vorpal, rC+ Str+2}
 80064 | Crypt:3  | Entered Level 3 of the Crypt
 80364 | Crypt:3  | Found a staircase to the Tomb.
 80535 | Crypt:3  | Found a shimmering blue altar of Sif Muna.
 80890 | Crypt:3  | Got the Tractate on Assembling
 84086 | Crypt:3  | Noticed a dread lich
 84098 | Crypt:3  | Killed a dread lich
 84172 | Crypt:3  | Got the Octavo of Sinister Deeds
 84436 | Depths:1 | Entered Level 1 of the Depths
 84490 | Depths:1 | Found a sacrificial altar of Ru.
 84510 | Depths:1 | Found Suicos's General Store.
 84525 | Depths:1 | Acquired 773 gold pieces
 84558 | Depths:1 | Identified the +7 trident of Iroenit {flame, Contam rF-
                  | rC+++ SInv}
 84579 | Depths:1 | Found a gateway to Hell.
 84764 | Depths:1 | Noticed Bai Suzhen
 84779 | Depths:1 | Killed Bai Suzhen
 84882 | Depths:1 | Reached XP level 24. HP: 239/249 MP: 23/23
 85341 | Depths:1 | Found a one-way gate leading to the halls of Pandemonium.
 86036 | Depths:2 | Found a one-way gate to the infinite horrors of the Abyss.
 86608 | Depths:2 | Noticed a juggernaut
 86618 | Depths:2 | Killed a juggernaut
 87413 | Depths:3 | Found a one-way gateway to a ziggurat.
 87491 | Depths:3 | Noticed Sojobo
 87522 | Depths:3 | Killed Sojobo
 88114 | Depths:3 | Found a transporter.
 88118 | Depths:3 | Found a radiant altar of Vehumet.
 89196 | Depths:4 | Entered Level 4 of the Depths
 89286 | Depths:4 | Found an iron altar of Okawaru.
 89422 | Depths:4 | Noticed Frederick
 89452 | Depths:4 | Killed Frederick
 89620 | Depths:4 | Found a gate to the Realm of Zot.
 91399 | Zot:1    | Entered Level 1 of the Realm of Zot
 91417 | Zot:1    | Reached XP level 25. HP: 257/257 MP: 23/23
 93817 | Zot:2    | Found the +4 dragonskin cloak
 93817 | Zot:2    | Noticed Tiamat
 93869 | Zot:2    | Killed Tiamat
 94790 | Orc:2    | Bought a potion of curing for 45 gold pieces
 94790 | Orc:2    | Bought a potion of curing for 45 gold pieces
 94790 | Orc:2    | Bought a potion of invisibility for 120 gold pieces
 94790 | Orc:2    | Bought a potion of curing for 45 gold pieces
 94794 | Orc:2    | Bought a potion of haste for 120 gold pieces
 94794 | Orc:2    | Bought a potion of might for 48 gold pieces
 94794 | Orc:2    | Bought a potion of might for 48 gold pieces
 94794 | Orc:2    | Bought a potion of invisibility for 96 gold pieces
 94794 | Orc:2    | Bought a potion of resistance for 120 gold pieces
 94800 | Orc:2    | Bought a potion of curing for 63 gold pieces
 94800 | Orc:2    | Bought a potion of heal wounds for 105 gold pieces
 94800 | Orc:2    | Bought a potion of invisibility for 168 gold pieces
 94802 | Orc:2    | Bought a potion of haste for 160 gold pieces
 94802 | Orc:2    | Bought a potion of haste for 160 gold pieces
 94802 | Orc:2    | Bought a potion of haste for 160 gold pieces
 94802 | Orc:2    | Bought a potion of curing for 48 gold pieces
 94802 | Orc:2    | Bought a potion of heal wounds for 80 gold pieces
 94802 | Orc:2    | Bought 2 potions of haste for 320 gold pieces
 97692 | Zot:3    | Reached skill level 27 in Shields
101427 | Zot:3    | Found a transporter.
101436 | Zot:3    | Acquired 644 gold pieces
101673 | Zot:3    | Identified the +4 mace "Jodaedghy" {freeze, rF+}
101834 | Zot:4    | Found a transporter.
101834 | Zot:4    | Found a transporter.
101920 | Zot:3    | Reached XP level 26. HP: 229/266 MP: 21/23
102386 | Zot:4    | Noticed a dread lich
102386 | Zot:4    | Noticed a dread lich
102386 | Zot:4    | Noticed a dread lich
102853 | Zot:3    | Killed a dread lich
102869 | Zot:3    | Killed a dread lich
102898 | Zot:4    | Killed a dread lich
102901 | Zot:4    | Noticed a dread lich
102908 | Zot:4    | Killed a dread lich
102918 | Zot:4    | Noticed a dread lich
103235 | Zot:3    | Killed a dread lich
103288 | Zot:4    | Noticed a dread lich
103290 | Zot:4    | Noticed a dread lich
103299 | Zot:4    | Killed a dread lich
103304 | Zot:4    | Killed a dread lich
103349 | Zot:4    | Noticed an orb of fire
103355 | Zot:4    | Gained mutation: You are frail. (-10% HP) [an orb of fire]
105217 | Zot:4    | Gained mutation: You occasionally lose the ability to read
                  | scrolls when taking damage. [an orb of fire]
105220 | Zot:4    | Gained mutation: Your spells are a little easier to cast,
                  | but a little less powerful. [an orb of fire]
105232 | Zot:4    | Gained mutation: You do not regenerate when monsters are
                  | visible. [an orb of fire]
105245 | Zot:4    | Gained mutation: You are very frail. (-20% HP) [an orb of
                  | fire]
105536 | Zot:3    | Gained mutation: You occasionally lose the ability to drink
                  | potions when taking damage. [an orb of fire]
105537 | Zot:3    | Gained mutation: Armour fits poorly on your strangely
                  | shaped body. [an orb of fire]
105541 | Zot:3    | Killed an orb of fire
106199 | Zot:3    | Reached skill level 5 in Evocations
107841 | Zot:5    | Entered Level 5 of the Realm of Zot
109561 | Zot:5    | HP: 1/212 [black draconian knight/bolt of lightning[a black
                  | draconian knight] (35)]
109561 | Zot:5    | Killed from afar by a black draconian knight

Illustrated notes

Levels and vault maps discovered:
D:1:      eino_arrival_water_star, layout_basic, serial_shops, shop,
          serial_forest, infiniplex_forest_zigzag_1,
          infiniplex_forest_clump_curved, infiniplex_forest_clump_curved,
          infiniplex_forest_zigzag_2, kennysheep_another_room,
          hangedman_decor_opposing, minivault_14
D:2:      layout_loops_ring, basic_altar, solitary_fountain, grunt_decor_cap,
          grunt_decor_resistance, uniq_robin, uniq_sigmund
D:3:      layout_basic, serial_glass, glass_columns_c, glass_columns_a
D:4:      layout_gridville, minmay_snake_closets
D:5:      layout_basic, uniq_menkaure, uniq_ijyb, uniq_prince_ribbit1
D:6:      layout_basic, mainiacjoe_overflow_cross_hatched, temple_green,
          serial_corexii_hall, corexii_hall_statues_x,
          chequers_hall_statues_wall_a, corexii_hall_statues_i, minivault_25,
          minmay_misc_feat_doors, hangedman_abyss_or_decor_lesser_grid,
          amcnicky_mini_rare_corridor_liquid, minmay_shop_damaged,
          reono_crystal_passage, uniq_crazy_yiuf_cottage
D:7:      minmay_flawed_box, layout_cave_pools, grunt_qazlal_clouds,
          enter_bailey_8, uniq_joseph
D:8:      layout_gridville, mainiacjoe_overflow_boulevard, trog_butcher_becter
D:9:      layout_cave_pools, nicolae_hepliaklqana_ecumenical_no_more,
          kennysheep_mini_moat, evilmike_ruin_ashenzari, serial_shops,
          nicolae_shop_window_shopping, uniq_pikel, uniq_grum
D:10:     layout_long_grid, nemelex_xobeh_ov_fountains_minmay,
          minmay_unpleasant_kobolds
D:11:     layout_layer_cave, dpeg_lair_monsters, orc_david_3,
          gammafunk_ghost_ooze
D:12:     layout_loops_ring, ebering_ghost_inner_flame
D:13:     evilmike_diamond_2, layout_basic, minivault_11,
          nicolae_shop_sticking_my_neck_out
D:14:     layout_stronghold, lightli_vaults_fourway_checkpoint,
          portal_ice_cave_entry_ice_statue_two, minmay_misc_feat_pillars
D:15:     grunt_enter_depths_snipers, layout_cave_pools,
          ebering_ghost_funeral_grove, serial_shops, shop, chequers_big_river,
          gauntlet_entry_generic, minivault_13, uniq_josephine
Temple:   zaba_magenta_temple
Lair:1:   layout_chaotic_city, serial_bayou_pond_e
Lair:2:   layout_regular_city, dummy_snake_entry, st_stairs_12, uniq_gastronok
Lair:3:   layout_cave_pods, swamp_mist
Lair:4:   layout_cave_pods, serial_bayou, serial_bayou_ford_a,
          serial_bayou_crossing, serial_bayou_pond_d, serial_bayou_pond_d,
          gammafunk_ghost_necromancy, uniq_rupert
Lair:5:   cheibrodos_lair_end_hotspot, layout_cave_pods,
          nicolae_slime_entry_slimehenge
Swamp:1:  layout_falls_marsh, nicolae_swamp_ascending_descending
Swamp:2:  layout_basic_swamp, evilmike_swamp_ruin_rubble_2,
          infiniplex_staircase_pool, uniq_kirke, uniq_nikola, uniq_jorgrun
Swamp:3:  layout_basic_swamp, infiniplex_staircase_pool_2
Swamp:4:  swamp_basic_johnstein, layout_basic_swamp,
          hellmonk_ghost_happy_afterlife, nicolae_swamp_no_escape
Snake:1:  layout_honeycomb, nicolae_snake_serpentine_bazaar
Snake:2:  nicolae_sea_snake_s, layout_onion_interference,
          gammafunk_ghost_berserking_beasts, serial_bayou_shore_a
Snake:3:  kennysheep_snake, layout_cave_shapes, nicolae_snake_gridmaze_swirls,
          fake_guardian_serpent_vault, uniq_aizul, uniq_vashnia,
          uniq_saint_roka, uniq_azrael
Snake:4:  johnstein_snake_rune_scales, layout_chambers, uniq_louise
Orc:1:    layout_caves
Orc:2:    st_orc_mages, layout_caves, nicolae_specific_store, nooodl_orcs_dogs
Elf:1:    eino_elf_arrival_shootout, layout_geoelf_grid,
          hangedman_elven_crosses_minicolossus
Elf:2:    nicolae_elf_blades_crystal_corner, layout_rooms, kb_rosetta
Elf:3:    elf_hall, layout_geoelf_castle, nicolae_trove_entry_columns
Vaults:1: mu_enter_wizlab_1, ontoclasm_vaults_decontamination, v_misc_19,
          vaults_dpeg_encased_lava, nicolae_vaults_mini_display_case,
          ontoclasm_vaults_hangar, nicolae_vaults_little_squares_2,
          vaults_room_stairs_pillars, v_alt_pattern_5, layout_vaults_big_room
Vaults:2: v_misc_24, st_squares, vaults_room_door_hall,
          ontoclasm_vaults_ligature, nicolae_vaults_little_squares_2,
          vaults_room_large_hall, v_misc_4, v_misc_25,
          nicolae_vaults_twisting_passages, ontoclasm_vaults_idyll, v_misc_15,
          layout_vaults_omnibox
Vaults:3: minmay_crypt_entry_simple_sparse, vaults_room_semicircle,
          grunt_vaults_funnel, ontoclasm_vaults_chip, vaults_mumra_hexcomb,
          vaults_room_grunt_arrival_ludios, layout_vaults_quadrants
Vaults:4: hangedman_vaults_snaps, v_misc_15, v_rooms_1, vaults_room_boxed,
          ontoclasm_vaults_ring_square, hangedman_vaults_cutoff,
          nicolae_vaults_border_crossing, vaults_room_guarded_vault,
          ontoclasm_vaults_chip, layout_vaults_ring
Vaults:5
Crypt:1:  layout_gridlike, grunt_crypt_arrival_split, grunt_megastairs_3
Crypt:2:  layout_misc_corridors
Crypt:3:  david_glass_crypt, layout_rooms, hangedman_summoners_spam
Depths:1: layout_gridville, serial_shops, nicolae_square_shop,
          grunt_pan_entry_sceptre, hell_entry, corexii_corridor_pit,
          hangedman_ru_absence, uniq_bai_suzhen
Depths:2: cheibrodos_hall_of_evolution, layout_basic, rand_demon_pan_entry_7,
          abyss_entry, nicolae_concentric_dashed_squares_mild, hell_entry
Depths:3: gammafunk_sealed_library, layout_basic, enter_ziggurat_b,
          serial_co_window_serial, co_window_corner_a, co_window_paths_a,
          co_window_corner_a, co_window_of_opportunity_a, co_window_paths_b,
          co_window_corner_a, co_window_corner_a, co_window_corner_a,
          co_window_paths_b, co_window_2corner, co_window_2corner,
          co_window_paths_c, co_window_of_opportunity_b, co_window_2corner,
          co_window_unsneaky_path_b, glass_columns_b, glass_columns_a,
          glass_columns_b, glass_columns_a, glass_columns_a, abyss_entry,
          hell_entry, rand_demon_pan_entry_4, uniq_sojobo
Depths:4: evilmike_zot_entry_argh, layout_gridville, grunt_pan_entry_spiral,
          okawaru_ov_weapons_minmay, marbit_kobold_abyss_entry, hell_entry,
          uniq_grunn, uniq_josephina, uniq_frederick
Zot:1:    layout_gridville, grunt_megastairs_1
Zot:2:    layout_twisted_circle, uniq_tiamat
Zot:3:    layout_gridlike, bh_zot_levy_curve, nicolae_diode_basic
Zot:4:    hellmonk_paralyzer, layout_misc_corridors, st_stairs_10,
          nicolae_diode_stairs
Zot:5:    layout_basic

Skill      XL: |  1  2  3  4  5  6  7  8  9 10 11 12 13 14 15 16 17 18 19 20 21 22 23 24 25 26 |
---------------+-------------------------------------------------------------------------------+-----
Axes           | 3 5 6 8 10 12 15 17 18 20 21 22 23 24 25 26 27 | 27.0
Fighting       | 4 5 6 7 9 10 12 14 16 17 18 19 21 23 24 26 27 | 27.0
Armour         | 4 5 6 7 8 9 10 11 12 14 15 16 17 18 19 20 21 22 23 25 | 25.5
Shields        | 4 5 6 7 8 9 11 12 13 14 15 17 18 19 20 22 25 27 | 27.0
Stealth        | 1 2 |  2.5
Dodging        | 1 2 |  2.2
Evocations     | 1 2 3 9 |  9.7

Action                   |  1- 3 |  4- 6 |  7- 9 | 10-12 | 13-15 | 16-18 | 19-21 | 22-24 | 25-27 || total
-------------------------+-------+-------+-------+-------+-------+-------+-------+-------+-------++-------
Melee: War axe           |    90 |       |       |       |       |       |       |       |       ||    90
       Broad axe         |       |   102 |   242 |   457 |   942 |  1200 |  1264 |  1397 |   983 ||  6587
Invok: Potion Petition   |       |       |       |       |     5 |     8 |     2 |     4 |     3 ||    22
       Call Merchant     |       |       |       |       |       |       |       |     5 |     2 ||     7
       Bribe Branch      |       |       |       |       |       |       |       |     2 |       ||     2
Evoke: Wand              |       |       |       |       |     8 |    35 |     1 |     5 |     3 ||    52
       Box of beasts     |       |       |       |       |       |     1 |       |       |       ||     1
       Lightning rod     |       |       |       |       |       |       |     1 |       |       ||     1
       Phial of floods   |       |       |       |       |       |       |     1 |       |       ||     1
       Condenser vane    |       |       |       |       |       |       |       |     1 |       ||     1
  Use: Scroll            |     4 |     6 |    17 |     7 |     7 |    16 |    11 |    12 |     9 ||    89
       Potion            |     1 |       |     5 |     6 |    19 |     6 |     1 |    15 |    12 ||    65
 Stab: Distracted        |       |       |       |     2 |     9 |     9 |    10 |    13 |     9 ||    52
       Invisible         |       |       |       |       |     2 |     5 |       |       |     2 ||     9
Armor: Scale mail        |    41 |       |       |       |       |       |       |       |       ||    41
       Chain mail        |       |    54 |       |       |       |       |       |       |       ||    54
       Plate armour      |       |     9 |   144 |   273 |   572 |       |       |       |       ||   998
       Gold dragon scale |       |       |       |       |   161 |  1449 |   600 |   693 |   589 ||  3492
Dodge: Dodged            |    32 |    44 |    94 |   170 |   332 |   365 |   142 |   201 |   196 ||  1576
Block: Buckler           |    23 |    18 |    61 |    51 |       |       |       |       |       ||   153
       Kite shield       |       |       |       |    81 |   457 |   763 |       |       |       ||  1301
       Tower shield      |       |       |       |       |       |   147 |  1000 |  1227 |   924 ||  3298
